 Dungeon Crawl Stone Soup version 0.17-a0-1802-g9847487 (webtiles) character file.

7251 DecibelRebel the Fighter (level 10, 0/97 HPs)
             Began as a Minotaur Berserker on Sept 11, 2015.
             Was a Priest of Trog.
             Slain by a killer bee (1 damage)
             ... on level 8 of the Dungeon.
             The game lasted 01:39:08 (9124 turns).

DecibelRebel the Fighter (Minotaur Berserker)       Turns: 9124, Time: 01:39:12

Health: 0/97       AC: 15    Str: 31    XL:     10   Next: 88%
Magic:  9/9        EV:  8    Int:  9    God:    Trog [***...]
Gold:   287        SH:  0    Dex: 10    Spells: 0 memorised, 9 levels left

rFire  . . .     SeeInvis .     b - +0 flail
rCold  . . .     Clarity  .     A - +0 chain mail
rNeg   . . .     SustAt   .     (no shield)
rPois  .         Gourm    .     (helmet restricted)
rElec  .         Spirit   .     G - +0 cloak
rCorr  .         Warding  .     (no gloves)
rMut   .         Stasis   +     o - +2 pair of boots
MR     ++...                    H - amulet of stasis
Stlth  ..........               W - ring "Vadiase" {+Blink +Fly Str+6 Slay-2}
                                y - +3 ring of protection

@: brilliant, lethally poisoned (0 -> 0), regenerating, very heavily drained,
very resistant to hostile enchantments, extremely unstealthy
A: retaliatory headbutt, horns 2
a: Burn Spellbooks, Berserk, Trog's Hand, Renounce Religion, Evoke Blink, Evoke
Flight


You were on level 8 of the Dungeon.
You worshipped Trog.
Trog was most pleased with you.
You were hungry.

You visited 2 branches of the dungeon, and saw 10 of its levels.

You collected 497 gold pieces.
You spent 210 gold pieces at shops.

Inventory:

Hand weapons
 b - a +0 flail (weapon)
 g - a +1 flail of protection
Armour
 o - a +2 pair of boots (worn)
 A - a +0 chain mail (worn)
 G - a +0 cloak (worn)
Jewellery
 d - an uncursed ring of see invisible
 y - a +3 ring of protection (left hand)
 H - an amulet of stasis (around neck)
 T - an uncursed amulet of faith
 W - the ring "Vadiase" (right hand) {+Blink +Fly Str+6 Slay-2}
   (You found it on level 1 of the Lair of Beasts)

   [ring of flight]

   It affects your strength (+6).
   It affects your accuracy and damage with ranged weapons and melee attacks
   (-2).
   It lets you fly.
   It lets you blink.
Magical devices
 s - a wand of fireball (7)
 O - a wand of polymorph (0)
 V - a wand of fire (6)
 Y - a wand of frost (28)
Scrolls
 a - 3 scrolls of remove curse {unknown}
 i - a scroll of enchant armour
 j - 3 scrolls of identify
 m - 5 scrolls of magic mapping
 n - 3 scrolls of fear {unknown}
 p - a scroll of amnesia {unknown}
 q - 3 scrolls of immolation
 v - a scroll of teleportation {unknown}
 w - 3 scrolls of random uselessness {unknown}
 D - a scroll of enchant weapon {unknown}
 M - a scroll of vulnerability {unknown}
 P - a scroll of recharging {unknown}
 Q - a scroll of acquirement {unknown}
 Z - a scroll of torment {unknown}
Potions
 e - a potion of curing
 f - 2 potions of mutation {unknown}
 k - 2 potions of agility {unknown}
 l - 2 potions of magic {unknown}
 r - a potion of resistance {unknown}
 t - 2 potions of ambrosia {unknown}
 u - a potion of haste {unknown}
 x - 4 potions of might
 z - 2 potions of brilliance
 E - 2 potions of poison {unknown}
 I - a potion of flight {unknown}
 S - a potion of cure mutation {unknown}
 U - 2 potions of lignification {unknown}
Comestibles
 c - 6 bread rations
 h - 4 meat rations
 C - 3 fruits
 K - 3 beef jerkies
 L - 2 slices of pizza


   Skills:
 * Level 11.8(0.0) Fighting
   Level 7.0(0.0) Axes
 + Level 8.5(0.0) Maces & Flails
 + Level 10.4(0.0) Armour
 + Level 7.3(0.0) Dodging


You had 9 spell levels left.
You didn't know any spells.

Dungeon Overview and Level Annotations

Branches:
Dungeon (8/15)             Temple (0/1) D:6            Lair (2/8) D:8

Altars:
Qazlal
Ru
Sif Muna
Trog
Xom
Yredelemnul
Zin

Shops:
D:5 (   D:7 =


Innate Abilities, Weirdness & Mutations

You reflexively headbutt those who attack you in melee.
You have a pair of horns on your head.


Message History

You feel slightly more hungry.
The killer bee stings you but does no damage.
The killer bee stings you.
* * * LOW HITPOINT WARNING * * *
You miss the killer bee.
The killer bee is moderately wounded.
You feel sick.
The killer bee stings you but does no damage.
The killer bee stings you.
* * * LOW HITPOINT WARNING * * *
The killer bee stings you.
* * * LOW HITPOINT WARNING * * *
Drink which item? (? for menu, Esc to quit)
It was a potion of brilliance.
You feel clever all of a sudden.
* * * LOW HITPOINT WARNING * * *
You feel sick.
The killer bee stings you but does no damage.
The killer bee stings you.
You die...

..##....# #.........# #.#
#. ..##>...# #........(#
#.# #.
'###....###....)....# #.#
#. ####....'......()(..#
#.# #.
........####...)....######
#.# #.
...#...........†.#.......#
#.# #.
.....###########.#######.#
#.# #. ...### #y# #.# #>#
#. ....# #@# #.# #.# ##
##### #.# #.# #.# .# #.#
#.###.#### .# #.#
#......... .#
#.###########.#### .#
#...........#.# .#
###########.#.# .# #.#.#
.# #.#.#


You could see a killer bee.

Vanquished Creatures
  Erolcha (D:8)
  Sonja (Lair:2)
  The ghost of Nattefrost the Spear-Bearer, an experienced MiFi of Fedhas (D:6)
  Pikel (D:7)
  A spiny frog (Lair:2)
  A komodo dragon (Lair:1)
  The ghost of Psiweapon the Ducker, an average DrGl (D:5)
  The ghost of Leibowitz the Ducker, an average MfGl (D:4)
  The ghost of DecibelRebel the Skirmisher, an average MiBe of Trog (D:3)
  3 hippogriffs
  A basilisk (Lair:1)
  2 water moccasins
  Duvessa (D:7)
  An orc warrior (D:8)
  2 slaves (D:7)
  2 ice beasts
  An ogre (D:4)
  3 sky beasts
  A wasp (D:7)
  3 centaurs
  2 crocodiles
  2 giant frogs
  Dowan (D:7)
  A scorpion (D:5)
  3 wights (D:6)
  10 killer bees
  A quasit (D:8)
  2 crimson imps
  2 hounds
  3 orc priests
  A centaur zombie (D:6)
  3 giant frog skeletons
  Crazy Yiuf (D:5)
  An orc wizard (D:8)
  2 centaur skeletons
  4 iguanas
  5 worker ants
  Natasha (twice) (D:4)
  A worker ant zombie (D:7)
  Robin (D:2)
  11 adders
  3 gnolls (D:8)
  18 river rats (Lair:1)
  2 adder skeletons
  A worm (D:4)
  9 giant geckos
  20 orcs
  5 bats
  11 giant cockroaches
  14 goblins
  10 hobgoblins
  5 jackals
  5 quokkas
  3 ball pythons
  A giant newt (D:2)
  7 kobolds
  A quokka zombie (D:8)
  6 rats
209 creatures vanquished.

Vanquished Creatures (others)
  A slave (D:7)
  A killer bee (D:7)
  A quokka (D:7)
3 creatures vanquished.

Grand Total: 212 creatures vanquished

Notes
Turn   | Place    | Note
--------------------------------------------------------------
     0 | D:1      | DecibelRebel the Minotaur Berserker began the quest for the Orb.
     0 | D:1      | Reached XP level 1. HP: 19/19 MP: 0/0
    58 | D:1      | Reached skill level 4 in Fighting
   173 | D:1      | Reached XP level 2. HP: 25/27 MP: 1/1
   571 | D:1      | Acquired Trog's second power
   841 | D:2      | Reached skill level 5 in Fighting
   841 | D:2      | Reached XP level 3. HP: 19/36 MP: 2/2
  1253 | D:2      | Noticed Robin
  1267 | D:2      | Killed Robin
  1267 | D:2      | Reached XP level 4. HP: 42/42 MP: 3/3
  1684 | D:3      | Found a faded altar to an unknown god.
  1733 | D:3      | Found a sacrificial altar of Ru.
  2030 | D:3      | Noticed DecibelRebel's ghost (average MiBe)
  2041 | D:3      | Killed DecibelRebel's ghost
  2041 | D:3      | Reached skill level 6 in Fighting
  2041 | D:3      | Reached skill level 5 in Axes
  2041 | D:3      | Reached XP level 5. HP: 51/51 MP: 4/4
  2116 | D:3      | Reached skill level 7 in Fighting
  2116 | D:3      | Reached XP level 6. HP: 58/60 MP: 5/5
  2828 | D:4      | Noticed Natasha
  2847 | D:4      | Killed Natasha
  2851 | D:4      | Reached XP level 7. HP: 66/66 MP: 6/6
  2989 | D:4      | Noticed Leibowitz's ghost (average MfGl)
  2999 | D:4      | Killed Leibowitz's ghost
  3127 | D:4      | Acquired Trog's third power
  3127 | D:4      | Reached skill level 5 in Armour
  3146 | D:4      | Noticed Natasha
  3153 | D:4      | Killed Natasha
  3201 | D:5      | Entered Level 5 of the Dungeon
  3201 | D:5      | Noticed Psiweapon's ghost (average DrGl)
  3216 | D:5      | Killed Psiweapon's ghost
  3216 | D:5      | Reached skill level 8 in Fighting
  3216 | D:5      | Reached XP level 8. HP: 74/74 MP: 7/7
  3348 | D:5      | Found Jaes Afodd's Antique Weapon Emporium.
  3584 | D:5      | Found a glowing silver altar of Zin.
  3607 | D:5      | Found a basalt altar of Yredelemnul.
  3618 | D:5      | Found a shimmering altar of Xom.
  3791 | D:5      | Noticed Crazy Yiuf
  3795 | D:5      | Killed Crazy Yiuf
  3948 | D:5      | Found a stormy altar of Qazlal.
  4043 | D:6      | Reached skill level 1 in Maces & Flails
  4484 | D:6      | Reached skill level 9 in Fighting
  4619 | D:6      | Found a staircase to the Ecumenical Temple.
  4686 | D:6      | Noticed Nattefrost's ghost (experienced MiFi)
  4709 | D:6      | Killed Nattefrost's ghost
  4709 | D:6      | Reached skill level 5 in Dodging
  4709 | D:6      | Reached XP level 9. HP: 83/83 MP: 8/8
  4846 | D:7      | Noticed Pikel
  4878 | D:7      | Killed Pikel
  4878 | D:7      | Reached skill level 5 in Maces & Flails
  5340 | D:7      | Found Meitesch's Jewellery Shoppe.
  5356 | D:7      | Bought an uncursed amulet of stasis for 210 gold pieces
  5645 | D:7      | Noticed Duvessa
  5646 | D:7      | Noticed Dowan
  5653 | D:7      | Killed Duvessa
  5673 | D:7      | Killed Dowan
  6080 | D:8      | Found a bloodstained altar of Trog.
  6240 | D:8      | Reached skill level 10 in Fighting
  6242 | D:8      | Noticed Erolcha
  6251 | D:8      | Killed Erolcha
  6251 | D:8      | Reached XP level 10. HP: 62/93 MP: 9/9
  6912 | D:8      | Found a staircase to the Lair.
  6959 | Lair:1   | Entered Level 1 of the Lair of Beasts
  7354 | Lair:1   | Got a scintillating pewter ring
  7406 | Lair:1   | Identified the ring "Vadiase" {+Blink +Fly Str+6 Slay-2} (You found it on level 1 of the Lair of Beasts)
  7632 | Lair:1   | Received a gift from Trog
  7633 | Lair:1   | Reached skill level 11 in Fighting
  7642 | Lair:1   | Reached skill level 10 in Armour
  8226 | Lair:2   | Noticed Sonja
  8272 | Lair:2   | Killed Sonja
  8912 | D:8      | Found a deep blue altar of Sif Muna.
  9122 | D:8      | HP: 4/97 [killer bee (6)]
  9123 | D:8      | HP: 1/97 [killer bee (3)]
  9124 | D:8      | Slain by a killer bee

Vault maps used:
D:1:      dpeg_arrival_rhombus
D:2:      uniq_robin
D:3:      nicolae_ru_awakened_eye, first_bread, ecumenical_altar_2
D:4:      uniq_natasha
D:5:      nicolae_overflow_quartered_altars, serial_shops, kennysheep_mini_moat,
          uniq_crazy_yiuf_cottage
D:6:      minmay_temple_entry_glassed_door
D:7:      serial_shops, shop_fountains, grunt_ministairs_14, uniq_pikel,
          uniq_duvessa
D:8:      lemuel_coloured_pillars_altar, bloody_trog, lair_0_dummy, uniq_erolcha
Lair:2:   forest_paths, patterned_corridor, uniq_sonja

Action                   |  1- 3 |  4- 6 |  7- 9 | 10-12 || total
-------------------------+-------+-------+-------+-------++-------
Melee: Hand axe          |    83 |    45 |       |       ||   128
       War axe           |       |    50 |    62 |       ||   112
       Flail             |       |       |   184 |   242 ||   426
Invok: Berserk           |     1 |     3 |     4 |     2 ||    10
       Trog's Hand       |       |     1 |     2 |     2 ||     5
       Burn Spellbooks   |       |       |     1 |     3 ||     4
Evoke: Wand              |       |       |     1 |       ||     1
  Use: Scroll            |       |       |     3 |     4 ||     7
       Potion            |       |       |       |     5 ||     5
  Eat: Chunk             |     1 |     7 |    15 |     6 ||    29
       Pizza             |       |     1 |       |       ||     1
       Bread ration      |       |       |       |     1 ||     1
       Royal jelly       |       |       |       |     1 ||     1
